 Dungeon Crawl Stone Soup version 0.17.2 (webtiles) character file.

702 Goblin1989 the Cudgeler (level 7, -10/44 HPs)
             Began as a Gargoyle Fighter on June 21, 2016.
             Was an Initiate of Makhleb.
             Mangled by Grum
             ... wielding a +1 halberd
              (18 damage)
             ... on level 8 of the Dungeon on June 22, 2016.
             The game lasted 00:17:09 (1639 turns).

Goblin1989 the Cudgeler (Gargoyle Fighter)          Turns: 1639, Time: 00:17:10

Health: -10/44     AC: 13    Str: 21    XL:     7   Next: 66%
Magic:  8/9        EV:  7    Int:  9    God:    Makhleb [......]
Gold:   101        SH:  9    Dex:  9    Spells: 0 memorised, 6 levels left

rFire  . . .     SeeInvis .     a - +0 flail
rCold  + . .     Clarity  .     b - +0 scale mail
rNeg   + . .     SustAt   .     c - +0 shield
rPois  ∞         Gourm    .     f - +1 helmet
rElec  +         Spirit   .     (no cloak)
rCorr  .         Warding  .     (no gloves)
rMut   .         Stasis   .     (no boots)
MR     .....                    (no amulet)
Stlth  ..........               s - ring of protection from cold (curse) {rC+, !d}
                                (no ring)

@: very slightly contaminated, hasted, very quick, not resistant to hostile
enchantments, extremely unstealthy
A: negative energy resistance 1, electricity resistance, unbreathing,
petrification resistance, rot immunity, AC +4
a: Renounce Religion


You were on level 8 of the Dungeon.
You worshipped Makhleb.
Makhleb was noncommittal.
You were not hungry.

You visited 1 branch of the dungeon, and saw 8 of its levels.

You collected 101 gold pieces.

Inventory:

Hand Weapons
 a - a +0 flail (weapon)
Armour
 b - a +0 scale mail (worn)
 c - a +0 shield (worn)
 f - a +1 helmet (worn)
 n - an ice dragon hide {rC++, rF-}
Jewellery
 s - a cursed ring of protection from cold (right hand) {rC+, !d}
Wands
 t - a wand of paralysis (16)
Scrolls
 d - a scroll of random uselessness {unknown}
 h - a scroll of identify
 j - a scroll of remove curse
 k - a scroll of teleportation
Potions
 g - a potion of resistance {unknown}
 o - 4 potions of curing
 p - 2 potions of heal wounds {unknown}
 q - a potion of ambrosia {unknown}
 r - a potion of agility {unknown}
Comestibles
 e - 3 bread rations
 i - a chunk of flesh
 m - a meat ration
 v - 2 fruits


   Skills:
 + Level 4.8 Fighting
 * Level 7.1 Maces & Flails
 - Level 3.2 Armour
 - Level 3.2 Shields
 + Level 3.1 Invocations


You had 6 spell levels left.
You didn't know any spells.

Dungeon Overview and Level Annotations

Branches:
Dungeon (8/15)
 Temple: D:4-7         Lair: D:8-11

Altars:
Dithmenos
Elyvilon
Makhleb
Qazlal
Sif Muna
The Shining One

Annotations:
D:4 Goblin1989's ghost, amateur DsMo
D:8 Grum


Innate Abilities, Weirdness & Mutations

You are resistant to torment.
Your stone body is resilient (AC +4).
You are immune to poison.
You resist negative energy.
You are resistant to electric shocks.
You can survive without breathing.
You are immune to petrification.
You are immune to rotting.


Message History

Your Invocations skill increases to level 3!
You sock the giant cockroach!
You kill the giant cockroach!
Makhleb accepts your kill. Grum hits you but does no damage.
You see here a wolf corpse.
You thump Grum! You block Grum's attack.
You hit Grum.
Your shield and scale mail prevent you from hitting Grum.
You block Grum's attack.
You hit Grum but do no damage. You hit Grum. Grum hits you but does no damage.
You hit Grum but do no damage.
Grum hits you with an enchanted halberd!
* * * LOW HITPOINT WARNING * * *
You take 9 damage, and have 8/44 hp.
MASSIVE DAMAGE!!
You thump Grum! You closely miss Grum.
Grum hits you with an enchanted halberd!!
You die...

##....o..##
#....o....#
##........#
##.#...#.#
####g##.#####
#..oo....#
####o###.#
#g# #@# #.#
#.# #.# ..#
###


You could see Grum and 3 orcs.

Vanquished Creatures
  A wolf (D:8)
  2 sky beasts (D:6)
  A phantom (D:5)
  A scorpion (D:6)
  A hound (D:6)
  Ijyb (D:2)
  An orc wizard (D:7)
  A worker ant (D:6)
  A hound skeleton (D:7)
  Robin (D:2)
  3 adders
  A shadow imp (D:5)
  2 worms
  3 giant geckos
  7 orcs
  5 bats (D:2)
  2 giant cockroaches
  15 goblins
  8 hobgoblins
  3 jackals (D:2)
  6 kobolds
  A quokka (D:3)
  2 ball pythons
  5 giant newts
  5 rats
79 creatures vanquished.

Notes
Turn   | Place    | Note
--------------------------------------------------------------
     0 | D:1      | Goblin1989 the Gargoyle Fighter began the quest for the Orb.
     0 | D:1      | Reached XP level 1. HP: 14/14 MP: 1/1
    65 | D:2      | Reached XP level 2. HP: 17/19 MP: 2/2
    84 | D:2      | Noticed Robin
    99 | D:2      | Noticed Ijyb
    99 | D:2      | Killed Robin
    99 | D:2      | Reached XP level 3. HP: 20/23 MP: 3/3
   118 | D:2      | Killed Ijyb
   118 | D:2      | Reached skill level 4 in Maces & Flails
   127 | D:2      | Reached XP level 4. HP: 12/28 MP: 4/4
   532 | D:2      | Reached skill level 5 in Maces & Flails
   532 | D:2      | Reached XP level 5. HP: 29/32 MP: 5/5
   811 | D:4      | Found a burning altar of Makhleb.
   815 | D:4      | Found a stormy altar of Qazlal.
   831 | D:4      | Became a worshipper of Makhleb the Destroyer
   847 | D:3      | Found a shadowy altar of Dithmenos.
   847 | D:3      | Found a deep blue altar of Sif Muna.
   850 | D:3      | Found a glowing golden altar of the Shining One.
   866 | D:4      | Noticed Goblin1989's ghost (amateur DsMo)
   879 | D:5      | Entered Level 5 of the Dungeon
   928 | D:5      | Noticed a phantom
   948 | D:5      | Killed a phantom
   948 | D:5      | Reached skill level 1 in Invocations
   958 | D:5      | Reached XP level 6. HP: 33/38 MP: 6/6
  1175 | D:6      | Found a white marble altar of Elyvilon.
  1216 | D:6      | Reached skill level 6 in Maces & Flails
  1336 | D:6      | Reached XP level 7. HP: 40/44 MP: 8/8
  1603 | D:8      | Noticed Grum
  1629 | D:8      | Reached skill level 7 in Maces & Flails
  1639 | D:8      | Mangled by Grum

Action                   |  1- 3 |  4- 6 |  7- 9 || total
-------------------------+-------+-------+-------++-------
Melee: Flail             |    66 |   206 |    55 ||   327
  Use: Potion            |       |     1 |     1 ||     2
       Scroll            |       |     6 |       ||     6
  Eat: Chunk             |       |     2 |     1 ||     3
